 Dungeon Crawl Stone Soup version 0.26-a0-70-g31f1466007 (webtiles) character file.

Game seed: 14775286037822857458

74 MarredHen the Bolt Thrower (level 4, 0/28 HPs)
             Began as a Kobold Hunter on June 13, 2020.
             Succumbed to an adder's poison
             ... on level 2 of the Dungeon.
             The game lasted 00:05:53 (2095 turns).

MarredHen the Bolt Thrower (Kobold Hunter)          Turns: 2095, Time: 00:05:53

Health: 0/28       AC:  4    Str:  8 (9)  XL:     4   Next: 54%
Magic:  4/4        EV: 15    Int: 11 (12) God:
Gold:   120        SH:  0    Dex: 14 (16) Spells: 3/3 levels left

rFire    . . .     SeeInvis .   e - +0 short sword (vamp)
rCold    . . .     Gourm    .   (shield restricted)
rNeg     . . .     Faith    .   c - +1 leather armour
rPois    .         Spirit   .   (no helmet)
rElec    .         Reflect  .   (no cloak)
rCorr    .         Harm     .   (no gloves)
MR       .....                  (no boots)
Stlth    ++........             (no amulet)
HPRegen  0.09/turn              (no ring)
MPRegen  0.09/turn              (no ring)

@: lethally poisoned (0 -> -6)
A: small, carnivore
a: no special abilities


You were on level 2 of the Dungeon.
You were hungry.

You visited 1 branch of the dungeon, and saw 3 of its levels.

You collected 120 gold pieces.

Inventory:

Hand Weapons
 a - a +2 hand crossbow
 b - a +0 short sword
 e - a +0 vampiric short sword (weapon)
Armour
 c - a +1 leather armour (worn)
 o - a +0 robe of fire resistance
Jewellery
 l - an uncursed amulet of reflection {unknown}
Comestibles
 f - 3 rations


   Skills:
 + Level 3.0 Fighting
 + Level 5.9 Crossbows
 + Level 3.3 Dodging
 - Level 1.3 Stealth


You had 3 spell levels left.
You didn't know any spells.
Your spell library was empty.

Dungeon Overview and Level Annotations

Branches:
Dungeon (3/15)

Altars:
Sif Muna
Wu Jian
The Shining One


Innate Abilities, Weirdness & Mutations

You are small and have problems with some larger weapons.
You are carnivorous and can eat meat at any time.


Message History

You feel magically purged.
* * * LOW HITPOINT WARNING * * *
You feel sick. The adder barely misses you.
It was a potion of degeneration.
There was something very wrong with that liquid.
You feel weakened.
You feel dopey.
You feel clumsy.
* * * LOW HITPOINT WARNING * * *
You feel sick. The adder completely misses you. x2
* * * LOW HITPOINT WARNING * * *
You feel sick.
* * * LOW HITPOINT WARNING * * *
You feel sick.
There is an open door here.
The adder misses you.
* * * LOW HITPOINT WARNING * * *
You feel sick.
* * * LOW HITPOINT WARNING * * *
You feel sick. The adder completely misses you.
You die...

# ###### ############## # .....#
#............# # ####.#
#............# # #.#
#............# #
####.######............##########
..........'..sS.@................
####.######..............<.######
## #.# #................# # .#
#.# #.............#### #
.###.##########....####.#########
.................................
.###.##########.......#..######.#
.# #.################.##.## #.#
.# #................#.##..# #.#


You could see an adder and a giant cockroach.

Vanquished Creatures
  An adder (D:2)
  2 worms (D:2)
  3 dart slugs
  4 leopard geckos
  2 ball pythons (D:2)
  5 bats
  2 giant cockroaches
  5 goblins
  6 hobgoblins
  3 quokkas (D:2)
  4 frilled lizards
  7 kobolds
  6 rats
50 creatures vanquished.

Notes
Turn   | Place    | Note
-------+----------+-------------------------------------------
     0 | D:1      | MarredHen the Kobold Hunter began the quest for the Orb.
     0 | D:1      | Reached XP level 1. HP: 12/12 MP: 1/1
    34 | D:1      | Reached skill level 5 in Crossbows
    79 | D:1      | Reached XP level 2. HP: 13/17 MP: 2/2
   255 | D:1      | Reached XP level 3. HP: 22/22 MP: 3/3
  1028 | D:2      | Found an ornate altar of the Wu Jian Council.
  1028 | D:2      | Found a glowing golden altar of the Shining One.
  1029 | D:2      | Found a shimmering blue altar of Sif Muna.
  1165 | D:2      | Reached XP level 4. HP: 27/27 MP: 4/4
  2093 | D:2      | HP: 1/28 [poisoned by an adder]
  2095 | D:2      | Succumbed to an adder's poison

Illustrated notes

Levels and vault maps discovered:
D:1:      saegor_arrival_simple_e, layout_loops_ring, chequers_decorated_corner,
          minivault_27, st_stairs_6
D:2:      layout_basic, gammafunk_temple_overflow_forgotten, first_ration
D:3:      lemuel_castle_with_subvaults [lemuel_castle_interior_carwin_2],
          layout_rooms, minmay_pentomino_pile, uniq_jessica

Skill      XL: |  1  2  3  4 |
---------------+-------------+-----
Crossbows      | 5 |  5.9
Dodging        | 3 |  3.3
Fighting       | 3 |  3.0
Stealth        | |  1.3

Action                   |  1- 3 |  4- 6 || total
-------------------------+-------+-------++-------
Melee: Short sword       |       |    54 ||    54
 Fire: Hand crossbow     |    68 |     9 ||    77
  Use: Scroll            |     2 |     2 ||     4
       Potion            |       |     6 ||     6
  Eat: Ration            |       |     1 ||     1
       Chunk             |       |     1 ||     1
Armor: Leather armour    |     3 |    25 ||    28
Dodge: Dodged            |    16 |   106 ||   122

Table legend:
 A = Non-vault XP
 B = Vault XP
 C = Vault XP percentage of total XP
 D = Non-vault monster count
 E = Vault monster count
 F = Vault count percentage of total count
                 A         B        C        D         E       F
            +---------+---------+-------+---------+---------+-------
      Total |      99 |       8 |   7.5 |      47 |       3 |   6.0
            +---------+---------+-------+---------+---------+-------
        D:1 |      38 |       6 |  13.6 |      23 |       2 |   8.0
        D:2 |      61 |       2 |   3.2 |      24 |       1 |   4.0
            +---------+---------+-------+---------+---------+-------
